 Dungeon Crawl Stone Soup version 0.30.1-9-gdf580d7c3d (webtiles) character file.

Game seed: 8679305054528877979

83 lonewolfV2 the Shield-Bearer (level 4, -1/37 HPs)
             Began as a Formicid Fighter on Oct 21, 2023.
             Killed from afar by middlethird's ghost (6 damage)
             ... with a blast of sand
             ... on level 3 of the Dungeon.
             The game lasted 00:03:29 (2128 turns).

lonewolfV2 the Shield-Bearer (Formicid Fighter)     Turns: 2128, Time: 00:03:30

Health: -1/37      AC:  7    Str: 23    XL:     4   Next: 71%
Magic:  4/4        EV:  9    Int:  7    God:
Gold:   572        SH:  5    Dex: 13    Spells: 3/3 levels left

rFire   . . .        a - +1 war axe
rCold   . . .        c - +0 buckler
rNeg    . . .        b - +0 scale mail
rPois   .            (helmet unavailable)
rElec   .            (no cloak)
rCorr   .            (no gloves)
SInv    +            (no boots)
Will    .....        p - amulet of faith Stlth
                     g - ring of flight
HPRegen 0.26/turn    (no ring)
MPRegen 0.09/turn

%: faith
@: flying
A: permanent stasis, dig shafts and tunnels, antennae 3, four strong arms
a: Dig, Shaft Self


You were on level 3 of the Dungeon.
You visited 1 branch of the dungeon, and saw 3 of its levels.

You collected 572 gold pieces.

Inventory:

Hand Weapons
 a - a +1 war axe (weapon)
Armour
 b - a +0 scale mail (worn)
 c - a +0 buckler (worn)
Jewellery
 g - a ring of flight (left hand)
 p - an amulet of faith (around neck)
Scrolls
 e - a scroll of identify
Potions
 d - a potion of might
 f - a potion of lignification
 h - 2 potions of attraction
 i - a potion of invisibility
 j - 2 potions of heal wounds {unknown}
 l - a potion of mutation


   Skills:
 + Level 4.1 Fighting
 - Level 2.0 Axes
 + Level 4.2 Armour
 + Level 5.1 Shields


You had 3 spell levels left.
You didn't know any spells.
Your spell library contained the following spells:

 Spells                   Type           Power      Damage    Failure   Level
 Slow                     Hex            0%         N/A       80%         1
 Confusing Touch          Hex            0%         N/A       99%         3
 Vampiric Draining        Necr           0%         2d6       99%         3
 Leda's Liquefaction      Hex/Erth       0%         N/A       100%        4
 Lee's Rapid Deconstruct  Erth           0%         3d4*      100%        5
 Statue Form              Tmut/Erth      0%         N/A       100%        6


Dungeon Overview and Level Annotations

Branches:
Dungeon (3/15)

Altars:

Annotations:
D:3 1 transporter, middlethird's ghost, weakling VSEE


Innate Abilities, Weirdness & Mutations

You cannot be hasted, slowed, berserked, paralysed or teleported.
You can dig through walls and to a lower floor.
You have a pair of large antennae on your head. (SInv)
Your four strong arms can wield two-handed weapons with a shield.


Message History

Found a scroll labelled ZANLECK YNNANG and a dagger.
Found a transporter.
An orc comes into view. It is wielding a +0 whip.
The orc shouts!
Middlethird's ghost wails, "What do you have that I didn't have?"
You block the orc's attack.
You slash the orc!
You kill the orc!
Things that are here:
a +0 whip; a +0 scale mail You hear the slow rusting of a drain nearby.
There is a transporter here.
You enter the transporter and appear at another place.
You block the orc's attack.
You slash the hobgoblin!
You kill the hobgoblin!
You hit the orc. The orc hits you but does no damage.
Middlethird's ghost closely misses you. The orc hits you but does no damage.
You closely miss middlethird's ghost. You hit the orc but do no damage.
You barely miss the adder. The adder bites you but does no damage.
Middlethird's ghost barely misses you.
The orc hits you with a +2 whip of electrocution.
You block the adder's attack.
You hit middlethird's ghost.
Middlethird's ghost is moderately damaged.
You hit the orc but do no damage. You barely miss the adder.
You block middlethird's ghost's attack. You block the orc's attack.
The adder bites you but does no damage. The orc barely misses you.
Middlethird's ghost hits you. The adder bites you.
Unknown command.
You slash middlethird's ghost!
Middlethird's ghost is almost destroyed.
You hit the orc but do no damage. You closely miss the adder.
The adder bites you but does no damage.
The orc hits you with a +2 whip of electrocution.
You are electrocuted!!
* * * LOW HITPOINT WARNING * * *
Middlethird's ghost gestures at you while chanting.
The blast of sand hits you.
You die...

##..)...########...##..
##.............##.......
#...............#..#....
##...#########.....[#..>.
#..)##?......##..#.......
#...#8..#.#..8#..#..#.#.#
#...#..#...#..#.........#
#...#..o......#..#.......
#..©#..W@©...=#©.†..#....
#...#..S.....)#..#..#....
##..#..#...#..#..#..#....
#..#8..#.#..8#..........
#..##......©##..........
#...#########..........#
#.................######
##................#
#####....######


You could see middlethird's ghost, an adder and an orc.

Vanquished Creatures
  4 adders (D:2)
  A dart slug (D:2)
  An orc (D:3)
  4 ball pythons
  5 bats
  6 endoplasms
  2 giant cockroaches (D:2)
  4 goblins
  5 hobgoblins
  2 frilled lizards (D:1)
  3 kobolds
  6 rats
43 creatures vanquished.

Notes
Turn   | Place    | Note
-------+----------+-------------------------------------------
     0 | D:1      | lonewolfV2 the Formicid Fighter began the quest for the
                  | Orb.
     0 | D:1      | Reached XP level 1. HP: 18/18 MP: 1/1
    38 | D:1      | Reached XP level 2. HP: 24/24 MP: 2/2
   850 | D:1      | Identified a scroll of acquirement
  1076 | D:2      | Reached XP level 3. HP: 27/30 MP: 3/3
  1444 | D:2      | Reached XP level 4. HP: 31/37 MP: 4/4
  1511 | D:2      | Reached skill level 5 in Shields
  2033 | D:3      | Acquired 357 gold pieces
  2066 | D:3      | Found a transporter.
  2095 | D:3      | Noticed middlethird's ghost (weakling VSEE)
  2105 | D:3      | Found a transporter.
  2128 | D:3      | Killed from afar by middlethird's ghost

Illustrated notes

Levels and vault maps discovered:
D:1:      mrwooster_arrival_statue, layout_loops_ring, serial_forest,
          infiniplex_forest_lined_room_, infiniplex_forest_clump_double,
          infiniplex_forest_clump_tiny, infiniplex_forest_clump_double,
          infiniplex_forest_diagonal, infiniplex_forest_straight_2,
          infiniplex_forest_clump_small, infiniplex_forest_lined_room_3,
          infiniplex_forest_split, infiniplex_forest_lined_3, dk_noncrumbling_4,
          dreamdust_wishing_well, minmay_misc_feat_hallway
D:2:      minmay_diamond_boxcup, layout_basic
D:3:      layout_basic, worldfamousw_hep_ancestral_shrine, portal_sewer_entry_d,
          gammafunk_ghost_arena, nicolae_ecumenical_pavilion

Skill      XL: |  1  2  3  4 |
---------------+-------------+-----
Fighting       | 4 |  4.1
Armour         | 4 |  4.2
Shields        | 5 |  5.1
Axes           | |  2.0

Action                     |  1- 3 |  4- 6 || total
---------------------------+-------+-------++-------
  Melee: War axe           |    96 |    30 ||   126
    Use: Scroll            |     5 |     4 ||     9
 Armour: Scale mail        |    45 |    22 ||    67
  Dodge: Dodged            |    43 |    12 ||    55
  Block: Buckler           |    25 |    10 ||    35
